 Dungeon Crawl Stone Soup version 0.29.1-1-gd02db6906a (webtiles) character file.

Game seed: 4356217525123652893

28 LustLizard the Trooper (level 3, 23/29 HPs)
             Began as a Demonspawn Fighter on Oct 5, 2022.
             Quit the game on level 2 of the Dungeon.
             The game lasted 00:01:02 (720 turns).

LustLizard the Trooper (Demonspawn Fighter)          Turns: 720, Time: 00:01:02

Health: 23/29      AC:  6    Str: 16    XL:     3   Next: 0%
Magic:  3/3        EV:  9    Int:  9    God:
Gold:   35         SH:  9    Dex: 14    Spells: 2/2 levels left

rFire   . . .      SeeInvis .   a - +0 long sword
rCold   . . .      Faith    .   c - +0 buckler
rNeg    . . .      Spirit   .   b - +0 scale mail
rPois   .          Reflect  .   (no helmet)
rElec   .          Harm     .   (no cloak)
rCorr   .          Rampage  .   (no gloves)
Will    .....                   (no boots)
Stlth   ..........              (no amulet)
HPRegen 0.09/turn               k - ring of flight
MPRegen 0.16/turn               (no ring)

@: flying
A: magic regeneration, condensation shield
a: no special abilities


You were on level 2 of the Dungeon.
You visited 1 branch of the dungeon, and saw 2 of its levels.

You collected 35 gold pieces.

Inventory:

Hand Weapons
 a - a +0 long sword (weapon)
Armour
 b - a +0 scale mail (worn)
 c - a +0 buckler (worn)
Jewellery
 k - a ring of flight (left hand)
Scrolls
 e - a scroll of acquirement {unknown}
 f - 2 scrolls of enchant weapon {unknown}
 i - a scroll of noise {unknown}
 j - a scroll of butterflies {unknown}
 l - a scroll of fear {unknown}
 m - a scroll of identify {unknown}
 n - 3 scrolls of teleportation {unknown}
Potions
 d - a potion of might
 g - a potion of degeneration {unknown}
 h - 2 potions of attraction {unknown}


   Skills:
 + Level 3.1 Fighting
 * Level 2.3 Long Blades
 + Level 2.9 Armour
 + Level 0.7 Dodging
 + Level 2.9 Shields


You had 2 spell levels left.
You didn't know any spells.
Your spell library was empty.

Dungeon Overview and Level Annotations

Branches:
Dungeon (2/15)

Altars:


Innate Abilities, Weirdness & Mutations

You regenerate magic rapidly.
A meltable shield of frost defends you. (SH +4)


Message History

You miss the jackal. The jackal bites you.
You hit the jackal.
You kill the jackal!
The jackal bites you but does no damage.
You block the jackal's attack.
The jackal bites you but does no damage.
You barely miss the jackal. The jackal barely misses you.
The jackal bites you but does no damage.
You hit the jackal.
The jackal is severely wounded.
The jackal bites you but does no damage. x3
The jackal closely misses you. The jackal attacks as you move away!
You block the jackal's attack. The jackal bites you.
You hit the jackal.
The jackal is heavily wounded.
You block the jackal's attack. The jackal closely misses you.
You hit the jackal.
The jackal is severely wounded.
The jackal bites you but does no damage.
The jackal barely misses you.
You hit the jackal.
You kill the jackal!
You block the jackal's attack.
You slash the jackal!
You kill the jackal!
The endoplasm hits you but does no damage.
You hit the endoplasm.
The endoplasm is severely wounded.
The endoplasm jiggles.
The endoplasm closely misses you.
You hit the endoplasm.
You kill the endoplasm!
The jackal bites you but does no damage.
You have reached level 3!
Your experience leads to an increase in your attributes!
Increase (S)trength, (I)ntelligence, or (D)exterity?
You feel agile. x2; Your demonic ancestry asserts itself...
Your magic begins to regenerate rapidly.
Are you sure you want to abandon this character and quit the game? (Confirm with "yes".)

##########
.........#
######h.#
#....@#..>....
#.##.##h....##
#.#.## .#.....
#....# ?......
# #.###.#.#
#... ##.#.####
.. ...
#......<# .#
.. #.#####.# #
#.#


You could see a jackal.

Vanquished Creatures
  A dart slug (D:1)
  4 bats (D:1)
  4 endoplasms
  A giant cockroach (D:1)
  2 hobgoblins (D:1)
  5 jackals
  A quokka (D:1)
  A ball python (D:1)
  A frilled lizard (D:1)
  A goblin (D:1)
  A rat (D:1)
22 creatures vanquished.

Vanquished Creatures (others)
  A fungus (D:1)
  3 plants (D:1)
4 creatures vanquished.

Grand Total: 26 creatures vanquished

Notes
Turn   | Place    | Note
-------+----------+-------------------------------------------
     0 | D:1      | LustLizard the Demonspawn Fighter began the quest for the
                  | Orb.
     0 | D:1      | Reached XP level 1. HP: 18/18 MP: 1/1
   248 | D:1      | Gained mutation: A meltable shield of frost defends you.
                  | (SH +4) [demonic ancestry]
   248 | D:1      | Reached XP level 2. HP: 23/24 MP: 2/2
   433 | D:1      | Found a faded altar of an unknown god.
   720 | D:2      | Gained mutation: You regenerate magic rapidly. [demonic
                  | ancestry]
   720 | D:2      | Reached XP level 3. HP: 23/29 MP: 3/3
   720 | D:2      | Quit the game

Illustrated notes

Levels and vault maps discovered:
D:1:      ncdulo_lavacross, layout_rooms,
          shapermc_ecumenical_altar_mp_ritualfount
D:2:      layout_loops_ring, basic_altar, nicolae_grassy_gnolls

Skill      XL: |  1 |
---------------+----+-----
Long Blades    | 2 |  2.3
Fighting       | |  3.1
Armour         | |  2.9
Dodging        | |  0.7
Shields        | |  2.9

Action                   || total
-------------------------++-------
Melee: Long sword        ||    72
Armor: Scale mail        ||    35
Dodge: Dodged            ||    39
Block: Buckler           ||    29
